 Dungeon Crawl Stone Soup version 0.30.1-3-gfc49f6343a (webtiles) character file.

Game seed: 9002010730833858984

5880 tokicat the Blocker (level 10, -7/93 HPs)
             Began as a Minotaur Fighter on July 22, 2023.
             Was an Elder of Okawaru.
             Killed from afar by an electric eel (8 damage)
             ... with a bolt of electricity
             ... on level 10 of the Dungeon.
             The game lasted 01:32:04 (8111 turns).

tokicat the Blocker (Minotaur Fighter)              Turns: 8111, Time: 01:32:05

Health: -7/93      AC: 20    Str: 25    XL:     10   Next: 52%
Magic:  9/9        EV:  7    Int:  5    God:    Okawaru [****..]
Gold:   1499       SH:  6    Dex: 10    Spells: 9/9 levels left

rFire   . . .        C - +1 morningstar
rCold   . . .        c - +0 buckler
rNeg    + . .        M - +0 plate armour
rPois   .            (helmet restricted)
rElec   .            (no cloak)
rCorr   .            w - +0 pair of gloves
SInv    .            (no boots)
Will    .....        j - amulet of regeneration Stlth
                     e - ring of positive energy
HPRegen 1.15/turn    r - +4 ring of protection
MPRegen 0.11/turn

%: no passive effects
@: studying Shields
A: horns 2, retaliatory headbutt
a: Renounce Religion, Heroism, Finesse


You were on level 10 of the Dungeon.
You worshipped Okawaru.
Okawaru was greatly pleased with you.
You visited 2 branches of the dungeon, and saw 11 of its levels.
You also visited: Ossuary and Bailey.

You collected 1559 gold pieces.
You spent 60 gold pieces at shops.

Inventory:

Hand Weapons
 a - a +1 war axe
 o - a +0 long sword of protection
 y - a +0 giant club
 B - a +0 flail
 C - a +1 morningstar (weapon)
 E - a +0 glaive of protection
 J - the +6 triple crossbow "Rummage" {flame, rCorr Int+2}
   (You found it in a bailey)

   Int:       It affects your intelligence (+2).
   rCorr:     It protects you from acid and corrosion.
Missiles
 i - 29 stones
 K - 6 poisoned darts (quivered)
Armour
 c - a +0 buckler (worn)
 w - a +0 pair of gloves (worn)
 D - a +1 chain mail
 M - a +0 plate armour (worn)
Magical Staves
 s - a staff of poison
Jewellery
 e - a ring of positive energy (left hand)
 j - an amulet of regeneration (around neck)
 q - a ring of see invisible
 r - a +4 ring of protection (right hand)
Wands
 l - a wand of polymorph (8)
 n - a wand of iceblast (1)
 u - a wand of charming (13)
 H - a wand of mindburst (6)
Scrolls
 b - a scroll of silence
 d - 5 scrolls of teleportation
 h - a scroll of fog
 k - a scroll of amnesia
 m - 3 scrolls of enchant weapon
 p - a scroll of magic mapping
 t - 2 scrolls of blinking
 v - 2 scrolls of immolation
 x - 2 scrolls of identify
 F - a scroll of butterflies
 G - a scroll of torment
 I - a scroll of poison
 L - a scroll of vulnerability
Potions
 f - a potion of ambrosia
 g - 2 potions of brilliance
 z - a potion of attraction
 A - 4 potions of lignification


   Skills:
 + Level 10.0 Fighting
 - Level 6.7(8.0) Axes
 + Level 6.6(8.0) Maces & Flails
 - Level 3.1 Throwing
 + Level 10.0 Armour
 + Level 10.1 Shields
 + Level 1.1 Invocations


You had 9 spell levels left.
You didn't know any spells.
Your spell library contained the following spells:

 Spells                   Type           Power      Damage    Failure   Level
 Inner Flame              Hex/Fire       0%         N/A       100%        3
 Flame Wave               Conj/Fire      0%         2d4       100%        4
 Sticky Flame             Conj/Fire      0%         2d3       100%        4
 Yara's Violent Unravell  Hex/Tmut       0%         3d3       100%        5
 Enfeeble                 Hex            0%         N/A       100%        7


Dungeon Overview and Level Annotations

Branches:
Dungeon (10/15)            Temple (1/1) D:5         Ossuary (visited)
 Bailey (visited)
   Lair: D:8-11         Orc: D:9-12

Altars:
Ashenzari
Cheibriados
Elyvilon
Fedhas
Gozag
Hepliaklqana
Kikubaaqudgha
Makhleb
Nemelex Xobeh
Okawaru
Qazlal
Ru
Sif Muna
Trog
Uskayaw
Vehumet
Wu Jian
Zin
The Shining One

Shops:
D:1 !   D:4 *   D:5 ?   D:10 [=


Innate Abilities, Weirdness & Mutations

You have a pair of horns on your head.
You reflexively headbutt those who attack you in melee.


Message History

The bolt of electricity hits you but does no damage.
Found Lieve Muu's Jewellery Boutique.
The electric eel shoots out a bolt of lightning at you!
The bolt of electricity hits you! The bolt of electricity hits you.
You miss the electric eel. You closely miss the electric eel.
The electric eel shoots out a bolt of lightning at you!
The bolt of electricity hits you! x2
You closely miss the electric eel.
The electric eel shoots out a bolt of lightning at you!
The bolt of electricity hits you! The bolt of electricity hits you.
You puncture the electric eel!
You headbutt the electric eel, but do no damage.
The electric eel is severely wounded.
You closely miss the electric eel. Your headbutt misses the electric eel.
The electric eel is severely wounded.
You barely miss the electric eel. Your headbutt misses the electric eel.
The electric eel is severely wounded.
The electric eel shoots out a bolt of lightning at you!
The bolt of electricity hits you!
* * * LOW HITPOINT WARNING * * *
The bolt of electricity misses you.
You completely miss the electric eel.
The electric eel is severely wounded.
The electric eel shoots out a bolt of lightning at you!
The bolt of electricity hits you.
* * * LOW HITPOINT WARNING * * *
The bolt of electricity misses you.
You closely miss the electric eel.
The electric eel is severely wounded.
The electric eel shoots out a bolt of lightning at you!
The bolt of electricity hits you!
* * * LOW HITPOINT WARNING * * *
The bolt of electricity hits you.
* * * LOW HITPOINT WARNING * * *
The electric eel shoots out a bolt of lightning at you!
The bolt of electricity hits you!
* * * LOW HITPOINT WARNING * * *
The bolt of electricity hits you!
You die...

♣...≈≈...♣
♣.8.≈≈.8.
♣...≈≈...
♣.∩.≈≈.∩
♣...≈≈..
♣.≈≈.♣
###.≈≈.###
#...≈S.@.#
....(≈≈##.####
.#.##≈≈<.....#
$..≈≈...##.#
##########.#
#.# ####.#
#....# #.####


You could see an electric eel.

Vanquished Creatures
  A hydra (D:9)
  An orc knight (Bailey)
  A troll (D:9)
  A wraith (D:9)
  5 yaks (D:9)
  2 steam dragons
  A warg (D:7)
  2 water moccasins
  An ice beast (D:7)
  2 black bears
  11 orc warriors
  2 sky beasts
  An ogre (D:5)
  A centaur (D:9)
  2 phantoms (D:4)
  A kobold brigand (D:10)
  2 elf zombies (Ossuary)
  Blork the orc (D:6)
  2 scorpions
  3 howler monkeys (D:9)
  3 hounds
  2 jellies
  A gnoll bouda (D:6)
  An orc priest (D:6)
  A sleepcap (D:5)
  5 iguanas
  2 orc wizards (D:6)
  2 mummies (Ossuary)
  11 gnolls
  A river rat (D:6)
  12 adders
  2 shadow imps
  3 white imps
  An ufetubus (D:6)
  2 adder zombies (Ossuary)
  3 worms
  4 dart slugs
  31 orcs
  3 endoplasms
  5 giant cockroaches
  8 goblins
  11 hobgoblins
  5 jackals (D:2)
  9 kobolds
  3 quokkas
  12 ball pythons
  5 bats
  4 frilled lizards
  2 goblin zombies (Ossuary)
  9 hobgoblin zombies (Ossuary)
  4 jackal zombies (Ossuary)
  9 kobold zombies (Ossuary)
  8 orc zombies (Ossuary)
  9 rats
  A rat zombie (Ossuary)
237 creatures vanquished.

Vanquished Creatures (collateral kills)
  A gnoll (D:5)
1 creature vanquished.

Vanquished Creatures (others)
  An adder (D:6)
  A white imp (D:6)
2 creatures vanquished.

Grand Total: 240 creatures vanquished

Notes
Turn   | Place    | Note
-------+----------+-------------------------------------------
     0 | D:1      | tokicat the Minotaur Fighter began the quest for the Orb.
     0 | D:1      | Reached XP level 1. HP: 19/19 MP: 0/0
   126 | D:1      | Found Icsoafes's Distillery.
   166 | D:1      | Reached XP level 2. HP: 25/27 MP: 1/1
   415 | D:1      | Found a faded altar of an unknown god.
   872 | D:2      | Reached XP level 3. HP: 33/33 MP: 2/2
  1419 | D:2      | Reached XP level 4. HP: 40/40 MP: 3/3
  1804 | D:4      | Noticed a phantom
  1816 | D:4      | Killed a phantom
  1817 | D:4      | Reached XP level 5. HP: 42/47 MP: 4/4
  1895 | D:3      | Reached skill level 5 in Fighting
  1895 | D:3      | Reached skill level 5 in Armour
  1895 | D:3      | Reached skill level 5 in Shields
  1936 | D:4      | Reached XP level 6. HP: 56/56 MP: 5/5
  1942 | D:4      | Found an opulent altar of Gozag.
  2012 | D:4      | Found a sand-covered staircase.
  2018 | Ossuary  | Entered an ossuary
  2139 | Ossuary  | Reached skill level 5 in Axes
  2139 | Ossuary  | Reached XP level 7. HP: 57/62 MP: 6/6
  2540 | D:5      | Entered Level 5 of the Dungeon
  3436 | D:4      | Found Koag's General Store.
  3695 | D:5      | Reached skill level 1 in Throwing
  3695 | D:5      | Found Luov's Magic Scroll Shop.
  3704 | D:5      | Bought a scroll of identify for 30 gold pieces
  3704 | D:5      | Bought a scroll of identify for 30 gold pieces
  3802 | D:5      | Reached XP level 8. HP: 71/71 MP: 7/7
  3886 | D:6      | Noticed Blork the orc
  3897 | D:6      | Killed Blork the orc
  3905 | D:6      | HP: 4/106 [steam dragon (3)]
  4224 | D:6      | Found an ancient bone altar of Kikubaaqudgha.
  4614 | D:6      | Found a glowing drain.
  5101 | D:5      | Found a staircase to the Ecumenical Temple.
  5554 | Temple   | Entered the Ecumenical Temple
  5720 | Temple   | Became a worshipper of Warmaster Okawaru
  6028 | D:7      | Found a large runed translucent door.
  6029 | D:7      | Found a large runed translucent door.
  6046 | D:7      | Found an ornate altar of the Wu Jian Council.
  6054 | D:7      | Reached skill level 1 in Maces & Flails
  6063 | D:7      | Found a bloodstained altar of Trog.
  6149 | D:7      | Reached XP level 9. HP: 80/80 MP: 8/8
  6151 | D:7      | Reached * piety under Okawaru
  6646 | D:9      | Noticed a five-headed hydra
  6656 | D:9      | Killed a five-headed hydra
  6656 | D:9      | Reached ** piety under Okawaru
  6929 | D:9      | Reached skill level 5 in Maces & Flails
  6939 | D:9      | Reached *** piety under Okawaru
  6940 | D:9      | Reached XP level 10. HP: 42/91 MP: 9/9
  6977 | D:9      | Found a sparkling altar of Nemelex Xobeh.
  7047 | D:9      | Found a flagged portal.
  7061 | Bailey   | Entered a bailey
  7434 | Bailey   | Identified a scroll of acquirement
  7437 | Bailey   | Acquired 1053 gold pieces
  7460 | Bailey   | Noticed an orc knight
  7473 | Bailey   | Killed an orc knight
  7473 | Bailey   | Reached **** piety under Okawaru
  7478 | Bailey   | Identified the +6 triple crossbow "Rummage" {flame, rCorr
                  | Int+2}
  7872 | D:9      | Reached skill level 10 in Armour
  7872 | D:9      | Reached skill level 10 in Shields
  8020 | D:10     | Entered Level 10 of the Dungeon
  8029 | D:10     | Reached skill level 10 in Fighting
  8029 | D:10     | Reached skill level 1 in Invocations
  8096 | D:10     | Found Isimpi Husm's Armour Shoppe.
  8102 | D:10     | Found Lieve Muu's Jewellery Boutique.
  8111 | D:10     | HP: 1/93 [electric eel/bolt of electricity (9)]
  8111 | D:10     | Killed from afar by an electric eel

Illustrated notes

Levels and vault maps discovered:
D:1:      erik_arrival_triangle_small, layout_loops_cross, serial_shops,
          nicolae_shop_crystal, basic_ecumenical_altar, minmay_pentomino_z4
D:2:      layout_loops_ring, minmay_tiny_reverse_x
D:3:      layout_loops_corners
D:4:      layout_gridville, nicolae_gozag_cash_rules_everything_around_me,
          nicolae_ossuary_entry_plus, serial_shops, shop, st_stairs_4
D:5:      layout_cave_pools, minmay_temple_entry_ruins, serial_shops, shop,
          water_maze_lemuel
D:6:      layout_loops_ring, mainiacjoe_overflow_alcove_1,
          lightli_sewer_entry_pipes, minmay_circle_x, uniq_blork_the_orc
D:7:      layout_cave_pools, jmf_multi_god_temple2
D:8:      layout_rooms, jmf_multi_god_temple, mainiacjoe_overflow_catwalk,
          erik_lair_island, uniq_maurice, uniq_pikel, uniq_grum
D:9:      layout_loops_ring, mainiacjoe_overflow_alcove_4,
          lightli_bailey_entry_fortress
D:10:     gammafunk_cloud_chamber, layout_loops_corners, orc_0_dummy,
          nicolae_wooded_promenade
Temple:   nicolae_temple_bog_church

Skill      XL: |  1  2  3  4  5  6  7  8  9 10 |
---------------+-------------------------------+-----
Fighting       | 4 5 6 7 9 10 | 10.0
Armour         | 4 5 6 7 9 10 | 10.0
Axes           | 3 4 5 6 |  6.7
Shields        | 4 5 6 7 9 10 | 10.1
Throwing       | 1 3 |  3.1
Maces & Flails | 2 5 6 |  6.6
Invocations    | 1 |  1.1

Action                     |  1- 3 |  4- 6 |  7- 9 | 10-12 || total
---------------------------+-------+-------+-------+-------++-------
  Melee: War axe           |    76 |   119 |   150 |       ||   345
         Headbutt          |    11 |    20 |    37 |    30 ||    98
         Morningstar       |       |       |    88 |   160 ||   248
  Throw: Stone             |     3 |    19 |    21 |       ||    43
         Dart              |       |       |       |     3 ||     3
 Invoke: Heroism           |       |       |     1 |       ||     1
  Evoke: Wand              |       |       |    14 |     4 ||    18
    Use: Potion            |     2 |     1 |    12 |       ||    15
         Scroll            |     2 |       |    15 |     3 ||    20
   Stab: Betrayed ally     |       |       |     1 |       ||     1
 Armour: Scale mail        |    45 |    41 |    45 |       ||   131
         Chain mail        |       |       |    78 |    61 ||   139
         Skin              |       |       |    17 |       ||    17
         Plate armour      |       |       |       |    27 ||    27
  Dodge: Dodged            |    23 |    53 |   101 |    86 ||   263
  Block: Buckler           |    24 |    17 |    56 |    49 ||   146
